 Dungeon Crawl Stone Soup version 0.20-a0-257-gcba8977 (webtiles) character file.

556 Gorfmaster the Slasher (level 7, 0/55 HPs)
             Began as a Formicid Chaos Knight on Dec 1, 2016.
             Slain by an ufetubus (3 damage)
             ... summoned by Xom
             ... on level 3 of the Dungeon on Dec 2, 2016.
             The game lasted 00:19:47 (4865 turns).

Gorfmaster the Slasher (Formicid Chaos Knight)      Turns: 4865, Time: 00:19:48

Health: 0/55       AC:  6    Str: 16    XL:     7   Next: 56%
Magic:  7/7        EV:  8    Int: 12    God:    Xom [......]
Gold:   201        SH:  8    Dex: 12    Spells: 6/6 levels left

rFire  . . .     SeeInvis +     x - +0 scimitar
rCold  . . .     Gourm    .     e - +0 scale mail
rNeg   + . .     Faith    .     v - +0 shield
rPois  .         Spirit   .     (helmet unavailable)
rElec  .         Reflect  .     h - +0 cloak
rCorr  +         Harm     .     g - +0 pair of gloves
MR     .....                    (no boots)
Stlth  ..........               (no amulet)
                                u - ring of resist corrosion
                                r - ring of positive energy

@: no status effects
A: permanent stasis, dig shafts and tunnels, four strong arms, antennae 3,
deformed body, screaming 1
a: Dig, Shaft Self, Renounce Religion


You were on level 3 of the Dungeon.
You worshipped Xom.
You were a very special plaything of Xom.
You were not hungry.

You visited 1 branch of the dungeon, and saw 4 of its levels.

You collected 201 gold pieces.

Inventory:

Hand Weapons
 x - a +0 scimitar (weapon)
Armour
 e - a +0 scale mail (worn)
 g - a +0 pair of gloves (worn)
 h - a +0 cloak (worn)
 v - a +0 shield (worn)
Jewellery
 r - a ring of positive energy (left hand)
 u - a ring of resist corrosion (right hand)
Wands
 o - a wand of teleportation (2/9)
Scrolls
 a - 2 scrolls of remove curse
 j - 3 scrolls of enchant weapon {unknown}
Potions
 b - a potion of resistance {unknown}
 d - 3 potions of ambrosia
 i - a potion of magic
 k - a potion of curing {unknown}
 m - a potion of heal wounds
 p - 2 potions of degeneration {unknown}
 s - a potion of flight {unknown}
 t - 2 potions of brilliance {unknown}
Comestibles
 c - 5 bread rations
 f - 6 fruits
 l - a meat ration
 q - a beef jerky


   Skills:
 + Level 4.3 Fighting
 * Level 6.3 Long Blades
 + Level 3.2 Armour
 + Level 2.7 Dodging
 + Level 2.1 Shields


You had 6 spell levels left.
You didn't know any spells.

Dungeon Overview and Level Annotations

Branches:
Dungeon (4/15)
 Temple: D:4-7

Altars:
Ashenzari
Fedhas
Makhleb
Okawaru
Vehumet
The Shining One


Innate Abilities, Weirdness & Mutations

You cannot be hasted, slowed, berserked, paralysed or teleported.
You can dig through walls and to a lower floor.
Your four strong arms can wield two-handed weapons with a shield.
You have a pair of large antennae on your head. (SInv)
Armour fits poorly on your strangely shaped body.
You occasionally shout uncontrollably at your foes.


Message History

You block the ufetubus's attack. The ufetubus hits you.
* * * LOW HITPOINT WARNING * * *
The ufetubus hits you but does no damage. x2
The iron imp barely misses you.
You are too injured to fight recklessly!
Unknown command.
You are too injured to fight recklessly!
Unknown command.
You are too injured to fight recklessly!
Unknown command.
You are too injured to fight recklessly!
You hit the iron imp.
The iron imp is moderately wounded.
The ufetubus barely misses you.
The ufetubus hits you but does no damage.
You block the ufetubus's attack. x2; The iron imp hits you!
* * * LOW HITPOINT WARNING * * *
The ufetubus hits you.
You die... "What!?
That's it?"

####### ######### ......#
#55.....# ...^..## #@#####.######
# .......### #5#..........#####
.......#.# #.#..............#
.......#.# #.#..............#
.......#.# #.#..............#
#.######.#######.#..............#
#................#..............#
########.....########...........#
############.##.###########....[.


You could see an iron imp and 2 ufetubi.

Vanquished Creatures
  Blork the orc (D:4)
  A hound (D:4)
  An orc priest (D:4)
  Crazy Yiuf (D:3)
  5 orc wizards
  3 worker ants (D:4)
  A worker ant zombie (D:4)
  8 adders
  2 oozes (D:3)
  An adder skeleton (D:4)
  An adder zombie (D:4)
  2 worms
  3 dart slugs
  4 leopard geckos
  6 orcs
  4 ball pythons
  7 giant cockroaches
  6 goblins
  3 hobgoblins (D:3)
  6 jackals (D:1)
  9 kobolds
  10 bats
  4 frilled lizards
  4 rats
93 creatures vanquished.

Notes
Turn   | Place    | Note
-------+----------+-------------------------------------------
     0 | D:1      | Gorfmaster the Formicid Chaos Knight began the quest for the Orb.
     0 | D:1      | Reached XP level 1. HP: 18/18 MP: 1/1
   166 | D:1      | Reached XP level 2. HP: 24/24 MP: 2/2
   188 | D:1      | XOM: harmless Pois miscast
   405 | D:1      | Reached skill level 4 in Long Blades
   405 | D:1      | Reached XP level 3. HP: 29/29 MP: 3/3
   563 | D:1      | XOM: silly message
   664 | D:1      | XOM: harmless Necr miscast
  1006 | D:2      | Found a burning altar of Makhleb.
  1051 | D:2      | Found a radiant altar of Vehumet.
  1088 | D:2      | XOM: divination: magic mapping
  1123 | D:2      | Found an iron altar of Okawaru.
  1165 | D:2      | Reached XP level 4. HP: 23/35 MP: 4/4
  1330 | D:2      | XOM: divination: magic mapping
  1697 | D:2      | Reached skill level 5 in Long Blades
  1772 | D:2      | Found an iron altar of Okawaru.
  2020 | D:3      | XOM: silly message
  2021 | D:3      | XOM: harmless Summ miscast
  2042 | D:3      | XOM: potion effect (curing)
  2055 | D:3      | XOM: potion effect (curing)
  2056 | D:3      | Reached skill level 1 in Dodging
  2056 | D:3      | Reached XP level 5. HP: 27/41 MP: 5/5
  2188 | D:3      | Found a runed door.
  2788 | D:3      | XOM: give mutations
  2788 | D:3      | Gained mutation: Your muscles are strong. (Str +2) [Xom's mischief]
  2788 | D:3      | Gained mutation: Armour fits poorly on your strangely shaped body. [Xom's mischief]
  2788 | D:3      | Gained mutation: You occasionally shout uncontrollably at your foes. [Xom's mischief]
  2788 | D:3      | Lost mutation: Your muscles are strong. (Str +2) [Xom's mischief]
  2836 | D:3      | Noticed Crazy Yiuf
  2841 | D:3      | XOM: divination: magic mapping
  2842 | D:3      | Killed Crazy Yiuf
  2842 | D:3      | XOM: harmless Necr miscast
  3000 | D:4      | Reached skill level 1 in Shields
  3000 | D:4      | Reached XP level 6. HP: 24/47 MP: 6/6
  3003 | D:4      | XOM: blink monster(s)
  3337 | D:4      | Found a glowing golden altar of the Shining One.
  3363 | D:4      | Noticed an ogre
  3462 | D:4      | Noticed Blork the orc
  3472 | D:4      | XOM: confusion
  3480 | D:4      | Killed Blork the orc
  3714 | D:4      | XOM: stat loss: -1 Dex (11/12)
  3952 | D:4      | Reached XP level 7. HP: 37/54 MP: 7/7
  4092 | D:4      | Found a shattered altar of Ashenzari.
  4157 | D:4      | Reached skill level 6 in Long Blades
  4188 | D:4      | XOM: noise
  4427 | D:4      | Found a blossoming altar of Fedhas.
  4546 | D:4      | XOM: confusion (+ monsters)
  4554 | D:4      | XOM: mild Hex miscast
  4819 | D:3      | XOM: mild Fire miscast
  4858 | D:3      | XOM: summons 3 hostile demons
  4865 | D:3      | Slain by an ufetubus

Vault maps used:
D:1:      dpeg_arrival_long_road
D:2:      marbit_many_paths, lemuel_round_altar, vehumet_crystals, first_bread,
          kennysheep_okawaru_gauntlet
D:3:      uniq_crazy_yiuf_cottage
D:4:      tso_metal_star, kennysheep_mini_moat, grunt_decor_mini_mirrors,
          grunt_ministairs_7, fedhas_altar_fruit_tree, uniq_blork_the_orc

Skill      XL: |  1  2  3  4  5  6  7 |
---------------+----------------------+-----
Long Blades    | 4 5 6 |  6.3
Dodging        | 1 2 |  2.7
Shields        | 1 2 |  2.1
Fighting       | 4 |  4.3
Armour         | 3 |  3.2

Action                   |  1- 3 |  4- 6 |  7- 9 || total
-------------------------+-------+-------+-------++-------
Melee: Falchion          |    80 |   144 |       ||   224
       Scimitar          |       |    47 |    56 ||   103
  Use: Scroll            |     6 |     6 |     1 ||    13
 Stab: Petrified         |       |     3 |       ||     3
       Petrifying        |       |     1 |       ||     1
  Eat: Chunk             |     1 |     9 |     3 ||    13
Armor: Leather armour    |    44 |    23 |       ||    67
       Scale mail        |       |    44 |    30 ||    74
       Chain mail        |       |     1 |       ||     1
Dodge: Dodged            |    51 |    79 |    33 ||   163
Block: Shield            |       |    29 |    25 ||    54
       Rpst.: Falchion   |    18 |    16 |       ||    34
       Scimitar          |       |     3 |     8 ||    11
